 Dungeon Crawl Stone Soup version 0.25-a0-589-g1e14c54 (webtiles) character file.

Game seed: 13019199003576294705, levelgen mode: deterministic

25 BlueFish the Covered (level 2, -5/27 HPs)
             Began as a Minotaur Fighter on Mar 10, 2020.
             Slain by Sigmund
             ... wielding a +0 scythe
              (10 damage)
             ... on level 2 of the Dungeon.
             The game lasted 00:01:53 (810 turns).

BlueFish the Covered (Minotaur Fighter)              Turns: 810, Time: 00:01:53

Health: -5/27      AC:  5    Str: 20    XL:     2   Next: 82%
Magic:  1/1        EV: 10    Int:  5    God:
Gold:   51         SH:  0    Dex:  9    Spells: 1/1 levels left

rFire    . . .     SeeInvis .   a - +0 long sword
rCold    . . .     Gourm    .   (no shield)
rNeg     . . .     Faith    .   m - +0 ring mail
rPois    .         Spirit   .   (helmet restricted)
rElec    .         Reflect  .   (no cloak)
rCorr    .         Harm     .   (no gloves)
MR       .....                  (no boots)
Stlth    ..........             (no amulet)
HPRegen  0.09/turn              (no ring)
MPRegen  0.07/turn              (no ring)

@: mighty, stab
A: retaliatory headbutt, horns 2
a: no special abilities


You were on level 2 of the Dungeon.
You were not hungry.

You visited 1 branch of the dungeon, and saw 2 of its levels.

You collected 51 gold pieces.

Inventory:

Hand Weapons
 a - a +0 long sword (weapon)
Armour
 c - a +1 kite shield
 m - a +0 ring mail (worn)
Scrolls
 h - 2 scrolls of teleportation
Potions
 j - a potion of stabbing
Comestibles
 f - 2 rations
 g - 7 chunks of flesh


   Skills:
 * Level 4.0 Fighting
 * Level 2.8 Long Blades
 * Level 4.3 Armour
 + Level 3.8 Shields


You had one spell level left.
You didn't know any spells.
Your spell library was empty.

Dungeon Overview and Level Annotations

Branches:
Dungeon (2/15)

Altars:

Annotations:
D:2 Sigmund


Innate Abilities, Weirdness & Mutations

You reflexively headbutt those who attack you in melee.
You have a pair of horns on your head.


Message History

You resist with significant effort. Sigmund hits you but does no damage.
You feel much better. Sigmund hits you but does no damage.
Sigmund hits you but does no damage.
You feel less wooden.
Your +0 ring mail unmelds from your body.
Sigmund gestures at you while chanting. The magic dart hits you!
Sigmund hits you but does no damage.
Sigmund mumbles some strange words.
Sigmund flickers and vanishes!
Deactivating autopickup; reactivate with Ctrl-A.
You see here a dart slug corpse.
You miss something. You headbutt something! Something hits you!
You hit something but do no damage. You headbutt something. Something hits you.
* * * LOW HITPOINT WARNING * * *
You feel very mighty all of a sudden.
You miss something. Your headbutt misses something. Something hits you!
You die...

....#.# #..........
...#.# #..........
<##.##.# ###)#######
..<รท##.# #.#
###(##.##### #.########
#).......# #.........
####.......# ##..######
.[.........######{......#
####............@.#.###.#
#.......######.#.#
#.......# #.#.. ###.#.###
#.#### #.#.# #.# #.#.#
... #.#.# #...# #.#.#
#...# ....#


There were no monsters in sight!

Vanquished Creatures
  A dart slug (D:2)
  A leopard gecko (D:1)
  A bat (D:1)
  A giant cockroach (D:1)
  3 goblins
  4 hobgoblins
  A ball python (D:2)
  A frilled lizard (D:2)
  3 kobolds (D:1)
  5 rats
21 creatures vanquished.

Vanquished Creatures (others)
  A bat (D:2)
1 creature vanquished.

Grand Total: 22 creatures vanquished

Notes
Turn   | Place    | Note
-------+----------+-------------------------------------------
     0 | D:1      | BlueFish the Minotaur Fighter began the quest for the Orb.
     0 | D:1      | Reached XP level 1. HP: 19/19 MP: 0/0
   229 | D:1      | Reached XP level 2. HP: 21/27 MP: 1/1
   757 | D:2      | Noticed Sigmund
   766 | D:2      | HP: 1/27 [something (8)]
   810 | D:2      | Slain by Sigmund

Levels and vault maps discovered:
D:1:      minmay_arrival_solitary_statue, layout_loops_cross, serial_glass,
          glass_columns_c, glass_columns_b, glass_columns_a, glass_columns_a,
          glass_columns_b, glass_columns_a, glass_columns_b, glass_columns_a,
          glass_columns_a, glass_columns_a, glass_columns_a, glass_columns_b,
          glass_columns_b, glass_columns_c
D:2:      layout_basic, minmay_fountain_box, elyvilon_altar_4, uniq_sigmund

Skill      XL: |  1  2 |
---------------+-------+-----
Armour         | 4 |  4.3
Fighting       | 4 |  4.0
Long Blades    | |  2.8
Shields        | |  3.8

Action                   || total
-------------------------++-------
Melee: Long sword        ||    38
       Headbutt          ||     5
  Use: Potion            ||     5
       Scroll            ||     4
Armor: Scale mail        ||     9
       Skin              ||    17
       Ring mail         ||     9
Dodge: Dodged            ||    16
       Rpst.: Long sword ||     3

Table legend:
 A = Non-vault XP
 B = Vault XP
 C = Vault XP percentage of total XP
 D = Non-vault monster count
 E = Vault monster count
 F = Vault count percentage of total count
                 A         B        C        D         E       F
            +---------+---------+-------+---------+---------+-------
      Total |      36 |       0 |   0.0 |      21 |       0 |   0.0
            +---------+---------+-------+---------+---------+-------
        D:1 |      25 |       0 |   0.0 |      15 |       0 |   0.0
        D:2 |      11 |       0 |   0.0 |       6 |       0 |   0.0
            +---------+---------+-------+---------+---------+-------
